 Dungeon Crawl Stone Soup version 0.28-a0-1613-gdaab1c2f9b (webtiles) character file.

Game seed: 10029328099831312994

83880 esteth the Earth Mage (level 15, -1/90 HPs)
             Began as a Gargoyle Earth Elementalist on Jan 21, 2022.
             Was an Elder of Vehumet.
             Slain by a kraken (10 damage)
             ... on level 1 of the Shoals.
             The game lasted 01:28:11 (34589 turns).

esteth the Earth Mage (GrEE)                       Turns: 34589, Time: 01:28:11

Health: -1/90      AC: 40    Str: 11    XL:     15   Next: 78%
Magic:  1/37       EV: 10    Int: 30    God:    Vehumet [****..]
Gold:   1415       SH: 10    Dex: 10    Spells: 4/32 levels left

rFire   . . .      SeeInvis .   g - +2 mace (protect)
rCold   . . .      Faith    .   a - +0 buckler
rNeg    + . .      Spirit   .   R - +11 scale mail "Modoviv" {rCorr Slay+6 Stlth-}
rPois   ∞          Reflect  +   (no helmet)
rElec   +          Harm     .   M - +1 cloak
rCorr   +          Rampage  .   P - +2 pair of gloves
Will    +....      Rage     1%  t - +2 pair of boots
Stlth   ..........              F - amulet of reflection
HPRegen 0.25/turn               h - ring of magical power
MPRegen 0.25/turn               U - +6 ring of intelligence

@: flying
A: sickness immunity, AC +11, big wings, negative energy resistance 1,
electricity resistance, torment resistance 1, petrification resistance, berserk
1
a: Renounce Religion


You were on level 1 of the Shoals.
You worshipped Vehumet.
Vehumet was greatly pleased with you.
You visited 5 branches of the dungeon, and saw 25 of its levels.

You collected 2807 gold pieces.
You spent 1392 gold pieces at shops.

Inventory:

Hand Weapons
 g - a +2 mace of protection (weapon)
 w - the +6 hand crossbow "Hydrabane" {vorpal, Str+3 Stlth+}
   (You found it on level 5 of the Dungeon)

   Any ammunition fired from it inflicts extra damage upon your enemies.
   Str:       It affects your strength (+3).
   Stlth:     It makes you more stealthy.
Missiles
 A - 214 stones
Armour
 a - a +0 buckler (worn)
 s - a +2 leather armour of cold resistance
 t - a +2 pair of boots (worn)
 M - a +1 cloak (worn)
 P - a +2 pair of gloves (worn)
 R - the +11 scale mail "Modoviv" (worn) {rCorr Slay+6 Stlth-}
   (You found it on level 5 of the Lair of Beasts)

   Slay:      It affects your accuracy & damage with ranged weapons and melee
   (+6).
   rCorr:     It protects you from acid and corrosion.
   Stlth:     It makes you less stealthy.
Jewellery
 f - a ring of see invisible
 h - a ring of magical power (left hand)
 n - a +6 ring of dexterity
 y - a ring of ice
 F - an amulet of reflection (around neck)
 T - an amulet of magic regeneration
 U - a +6 ring of intelligence (right hand)
 Z - a ring of resist corrosion
Wands
 b - a wand of polymorph (16)
 q - a wand of flame (126)
 D - a wand of iceblast (18)
 K - a wand of mindburst (31)
Scrolls
 d - 5 scrolls of amnesia
 e - 2 scrolls of magic mapping
 j - 8 scrolls of enchant armour
 l - 3 scrolls of enchant weapon
 m - a scroll of holy word
 E - 4 scrolls of silence
 G - a scroll of brand weapon {unknown}
 I - 3 scrolls of fear {unknown}
 J - 3 scrolls of fog {unknown}
 L - 7 scrolls of teleportation
 X - 3 scrolls of identify
Potions
 c - 5 potions of curing
 i - 4 potions of berserk rage
 k - 3 potions of mutation
 p - 2 potions of lignification {unknown}
 x - a potion of experience {unknown}
 z - 3 potions of resistance
 B - 4 potions of invisibility
 C - 2 potions of haste
 N - 2 potions of ambrosia {unknown}
 Q - a potion of brilliance {unknown}
 S - a potion of magic {unknown}
 W - a potion of degeneration {unknown}
Miscellaneous
 O - a tin of tremorstones (1/2)


   Skills:
 - Level 9.0 Fighting
 - Level 10.6 Armour
 - Level 5.9 Dodging
 - Level 2.1 Stealth
 - Level 6.1 Shields
 - Level 9.0 Spellcasting
 + Level 14.6 Conjurations
 - Level 6.4 Transmutations
 - Level 16.5 Earth Magic
 + Level 5.6 Poison Magic


You had 4 spell levels left.
You knew the following spells:

 Your Spells              Type           Power      Damage    Failure   Level
a - Sandblast             Erth           100%       2d20      0%          1
b - Passwall              Tmut/Erth      58%        N/A       1%          2
c - Stone Arrow           Conj/Erth      100%       3d13      1%          3
d - Iron Shot             Conj/Erth      41%        9d8       1%          6
e - Irradiate             Conj/Tmut      33%        3d25      2%          5
f - Lee's Rapid Deconstr  Erth           42%        3d22*     1%          5
g - Eringya's Noxious Bo  Tmut/Pois      24%        N/A       52%         6

Your spell library contained the following spells:

 Spells                   Type           Power      Damage    Failure   Level
 Conjure Flame            Conj/Fire      55%        6-21      1%          3
 Petrify                  Tmut/Erth      70%        N/A       1%          4
 Poisonous Vapours        Pois/Air       60%        N/A       2%          2
 Sticky Flame             Conj/Fire      55%        2d7       2%          4
 Ignite Poison            Fire/Tmut/Pois 37%        N/A       3%          3
 Animate Armour           Summ/Erth      100%       N/A       7%          4
 Leda's Liquefaction      Hex/Erth       29%        N/A       7%          4
 Corpse Rot               Necr/Air       26%        N/A       30%         2
 Gell's Gravitas          Tloc           13%        N/A       52%         3
 Ozocubu's Armour         Ice            13%        N/A       52%         3
 Teleport Other           Tloc           13%        N/A       52%         3
 Tukima's Dance           Hex            13%        N/A       52%         3
 Passage of Golubria      Tloc           13%        N/A       89%         4
 Blade Hands              Tmut           25%        N/A       36%         5
 Yara's Violent Unravell  Hex/Tmut       16%        3d8       36%         5
 Lehudib's Crystal Spear  Conj/Erth      41%        10d10     45%         8
 Metabolic Englaciation   Hex/Ice        6%         N/A       99%         5
 Silence                  Hex/Air        6%         N/A       99%         5
 Dispersal                Tloc           6%         N/A       100%        6
 Simulacrum               Ice/Necr       6%         N/A       100%        6
 Statue Form              Tmut/Erth      Unusable   N/A       N/A         6

Dungeon Overview and Level Annotations

Branches:
Dungeon (15/15)            Temple (1/1) D:5            Lair (6/6) D:8
 Shoals (1/4) Lair:3        Snake (0/4) Lair:4        Slime (0/5) Lair:5
    Orc (2/2) D:9             Elf (0/3) Orc:2        Vaults (0/5) D:13
 Depths (0/4) D:15

Altars:
Ashenzari
Cheibriados
Dithmenos
Elyvilon
Fedhas
Gozag
Hepliaklqana
Kikubaaqudgha
Makhleb
Nemelex Xobeh
Okawaru
Qazlal
Ru
Sif Muna
Trog
Uskayaw
Vehumet
Wu Jian
Xom
Yredelemnul
Zin
The Shining One
Jiyva

Shops:
D:1 [   D:2 ((   D:3 :   Orc:1 :   Orc:2 ([*=

Portals:
Abyss: D:12

Annotations:
D:3 1 runed translucent door
D:5 1 runed translucent door, Crazy Yiuf
D:12 2 transporters, Yorgos's ghost, journeyman DsBe
Lair:2 3 runed translucent doors, ma3's ghost, journeyman GnTm
Lair:5 exclusion: downstairs


Innate Abilities, Weirdness & Mutations

You are immune to sickness and miasma.
Your stone body is resilient. (AC +11)
You are immune to poison.
Your large and strong wings let you fly.
You resist negative energy. (rN+)
You are resistant to electric shocks. (rElec)
You are resistant to unholy torment.
You are immune to petrification.
You tend to lose your temper in combat.


Message History

The kraken is almost dead.
The tentacle slaps you.
* * * LOW HITPOINT WARNING * * *
You block the tentacle's attack.
The tentacle slaps you but does no damage.
A tentacle segment bursts forth from the water. x3
You block the kraken's attack. The tentacle misses you.
The tentacle barely misses you. The tentacle slaps you.
* * * LOW HITPOINT WARNING * * *
You feel much better. You block the tentacle's attack. The tentacle slaps you!
The kraken bites you! The tentacle slaps you.
* * * LOW HITPOINT WARNING * * *
The tentacle misses you. The tentacle barely misses you.
The tentacle slaps you but does no damage.
The tentacle slaps you.
* * * LOW HITPOINT WARNING * * *
The kraken squirts a massive cloud of ink into the water!
You feel much better. The tentacle slaps you! The tentacle barely misses you.
You block the tentacle's attack.
A tentacle segment bursts forth from the water. x4
The tentacle slaps you but does no damage.
The kraken bites you!!
* * * LOW HITPOINT WARNING * * *
The tentacle slaps you but does no damage.
Unknown command.
Hit: g) +2 mace (protect)
Press: ? - help, Dir - move target, f/p - kraken
Aim: a kraken (ink, water, almost dead, about 2% to evade your +2 mace of protection)
Okay, then.
Unknown command.
Okay, then.
Okay, then.
The tremorstone explodes into fragments!
The burst of rock shards engulfs the tentacle!
You kill the tentacle!
The burst of rock shards engulfs the tentacle.
You hear a shout! x2
The tentacle slaps you but does no damage. x2
The kraken bites you!
You die...

.≈≈≈..≈≈≈≈≈≈≈≈#
≈≈≈≈≈≈†≈≈≈≈≈≈≈#
.≈≈≈≈≈≈≈≈≈≈≈≈≈#
###.≈≈≈≈≈≈≈≈≈≈#
#.≈≈≈≈≈≈≈≈≈≈#
#..≈≈≈≈≈≈≈≈≈≈#
...≈≈≈≈≈§§§§≈#
...≈≈≈≈≈§§§w§#
...≈≈≈≈≈§w@w§#
...≈≈≈≈≈≈§§X§#
....≈≈§§§§§§§#
....≈≈≈≈≈≈≈≈≈#
.≈≈≈≈≈≈≈≈≈≈≈#
≈≈≈≈≈≈≈≈≈≈≈#
≈≈≈≈≈≈≈≈≈≈#
≈≈≈≈≈≈≈≈≈≈#


You could see a kraken and 3 tentacles.

Vanquished Creatures
  Roxanne (D:15)
  2 orc warlords
  3 boulder beetles
  An ice dragon (Lair:4)
  4 hydras
  An alligator (shapeshifter) (D:13)
  4 vault guards (D:13)
  2 centaur warriors
  A merfolk avatar (Lair:6)
  4 two-headed ogres
  4 orc high priests
  Urug (D:12)
  A sea snake (Lair:5)
  4 skeletal warriors (D:12)
  6 orc knights
  2 harpies (Lair:5)
  2 necromancers
  An ugly thing (D:13)
  5 manticores
  9 orc sorcerers
  A wolf spider zombie (D:15)
  4 cyclopes
  14 elephants
  6 black mambas
  A water nymph (Shoals:1)
  2 torpor snails
  3 gargoyles
  14 cane toads
  6 rime drakes
  7 komodo dragons
  A yaktaur (shapeshifter) (D:13)
  2 freezing wraiths (D:15)
  2 yaktaurs (D:13)
  3 tengu conjurers
  2 wind drakes (Lair:6)
  A meliai (shapeshifter) (D:13)
  Grinder (D:3)
  3 meliai (D:14)
  3 polar bears
  5 trolls
  3 hornets
  A polar bear (shapeshifter) (D:15)
  14 blink frogs
  A snapping turtle (Lair:6)
  7 dream sheep
  10 slime creatures
  2 wraiths
  3 shadows
  4 wyverns
  33 yaks
  4 basilisks
  3 steam dragons
  5 wargs
  2 vampire mosquitoes (D:14)
  Menkaure (D:5)
  3 nagas (Lair:4)
  An acid dragon (D:13)
  The ghost of DEFE the Firebug, an amateur DECA of Ignis (D:3)
  12 water moccasins
  28 orc warriors
  A necrophage (D:5)
  5 ogres
  11 wolves
  3 boggarts (D:15)
  6 centaurs
  2 phantoms
  A kobold brigand (D:11)
  8 bullfrogs
  A gnoll sergeant (D:6)
  3 scorpions
  A wyvern skeleton (D:7)
  2 water moccasin skeletons (D:5)
  15 killer bees
  11 wights
  A howler monkey (D:13)
  A bullfrog zombie (D:5)
  5 centaur zombies
  A human zombie (D:10)
  5 hounds
  12 jellies
  19 orc priests
  4 bullfrog skeletons
  2 centaur skeletons
  Jessica (D:2)
  Ijyb (D:3)
  An iguana (D:6)
  23 orc wizards
  3 yak simulacra (D:10)
  2 hell rats (Lair:6)
  A statue (D:8)
  4 wolf simulacra (D:10)
  3 polar bear simulacra (D:10)
  2 hound skeletons
  3 mummies (D:10)
  4 howler monkey zombies
  Robin (D:3)
  5 gnolls (D:6)
  11 adders
  9 river rats
  5 white imps
  An ufetubus (D:4)
  An adder skeleton (D:5)
  A worm (D:4)
  5 dart slugs
  77 orcs
  3 bats
  15 endoplasms
  4 giant cockroaches
  7 hobgoblins
  6 jackals
  5 kobolds
  3 quokkas
  8 ball pythons
  2 frilled lizards (D:1)
  13 goblins
  3 rats
  2 tentacles (Shoals:1)
632 creatures vanquished.

Vanquished Creatures (collateral kills)
  A hydra (Lair:5)
  A harpy (Lair:5)
  6 elephants (Lair:3)
  A komodo dragon (Lair:5)
  2 blink frogs
  A yak (Lair:5)
  A wolf (Lair:3)
13 creatures vanquished.

Vanquished Creatures (others)
  A bush (Lair:6)
  58 fungi
  88 plants
  3 tentacles (Shoals:1)
150 creatures vanquished.

Grand Total: 795 creatures vanquished

Notes
Turn   | Place    | Note
-------+----------+-------------------------------------------
     0 | D:1      | esteth the Gargoyle Earth Elementalist began the quest for
                  | the Orb.
     0 | D:1      | Reached XP level 1. HP: 10/10 MP: 3/3
   227 | D:1      | Found Eceq's Antique Armour Shoppe.
   320 | D:1      | Reached skill level 4 in Earth Magic
   322 | D:1      | Reached XP level 2. HP: 15/15 MP: 0/5
   942 | D:1      | Reached XP level 3. HP: 9/19 MP: 4/6
  1127 | D:1      | Reached skill level 5 in Earth Magic
  1231 | D:2      | Noticed Jessica
  1232 | D:2      | Killed Jessica
  1235 | D:2      | Reached XP level 4. HP: 19/24 MP: 4/7
  1330 | D:2      | Found a faded altar of an unknown god.
  1335 | D:2      | Reached skill level 6 in Earth Magic
  1446 | D:2      | Found Hemaliri's Weapon Shoppe.
  1604 | D:2      | Found a glowing golden altar of the Shining One.
  1773 | D:2      | Reached skill level 1 in Fighting
  1773 | D:2      | Reached skill level 1 in Armour
  2078 | D:2      | Found Qidor's Weapon Shoppe.
  2271 | D:2      | You fall into a shaft and drop 1 floor!
  2363 | D:3      | Reached XP level 5. HP: 15/29 MP: 8/8
  2627 | D:3      | Found a runed translucent door.
  2629 | D:3      | Noticed DEFE's ghost (amateur DECA)
  2642 | D:3      | Killed DEFE's ghost
  2643 | D:3      | Reached XP level 6. HP: 36/37 MP: 9/9
  2720 | D:3      | Found a runed translucent door.
  3085 | D:3      | Noticed Grinder
  3095 | D:3      | Killed Grinder
  3096 | D:3      | Reached XP level 7. HP: 20/44 MP: 10/10
  3425 | D:3      | Found Vumegg's Book Boutique.
  3491 | D:3      | Noticed Ijyb
  3492 | D:3      | Noticed Robin
  3520 | D:3      | Killed Ijyb
  3671 | D:3      | Killed Robin
  3957 | D:3      | Learned a level 2 spell: Passwall
  3961 | D:3      | Learned a level 3 spell: Stone Arrow
  4139 | D:4      | Reached skill level 1 in Conjurations
  4528 | D:4      | Reached XP level 8. HP: 44/48 MP: 12/12
  4852 | D:5      | Entered Level 5 of the Dungeon
  5183 | D:5      | Noticed Menkaure
  5186 | D:5      | Identified the +6 hand crossbow "Hydrabane" {vorpal, Str+3
                  | Stlth+}
  5197 | D:5      | Killed Menkaure
  5308 | D:5      | Found a burning altar of Makhleb.
  5308 | D:5      | Found a bloodstained altar of Trog.
  5308 | D:5      | Found an opulent altar of Gozag.
  5309 | D:5      | Found a broken altar of Ashenzari.
  5508 | D:5      | Found a runed translucent door.
  5509 | D:5      | Noticed Crazy Yiuf
  5590 | D:5      | Found a staircase to the Ecumenical Temple.
  5595 | Temple   | Entered the Ecumenical Temple
  5929 | D:6      | Found a shadowy altar of Dithmenos.
  5946 | D:6      | Reached skill level 5 in Spellcasting
  5946 | D:6      | Reached skill level 5 in Conjurations
  6284 | D:6      | Reached skill level 5 in Armour
  6284 | D:6      | Reached XP level 9. HP: 32/53 MP: 13/16
  7506 | D:7      | Reached skill level 5 in Dodging
  7620 | D:7      | Reached skill level 7 in Earth Magic
  7736 | D:7      | Reached skill level 8 in Earth Magic
  7869 | D:7      | Identified the +1 ring mail of the Countless Tables {Regen+
                  | Int+2}
  8077 | D:7      | Reached skill level 9 in Earth Magic
  8509 | D:8      | Reached XP level 10. HP: 58/58 MP: 11/17
  8597 | D:8      | Reached skill level 10 in Earth Magic
  9229 | D:8      | Found a staircase to the Lair.
  9367 | D:8      | Found a radiant altar of Vehumet.
  9372 | D:8      | Reached skill level 11 in Earth Magic
  9374 | D:8      | Became a worshipper of Vehumet
  9751 | D:9      | Reached skill level 5 in Fighting
 10129 | D:9      | Found a staircase to the Orcish Mines.
 10186 | D:9      | Noticed a two-headed ogre
 10223 | D:9      | Killed a two-headed ogre
 10223 | D:9      | Reached * piety under Vehumet
 10223 | D:9      | Offered knowledge of Freeze by Vehumet.
 10447 | D:9      | Found an ornate altar of the Wu Jian Council.
 10653 | D:10     | Entered Level 10 of the Dungeon
 10786 | D:10     | Noticed a gargoyle
 10976 | D:10     | Reached skill level 1 in Shields
 10997 | D:10     | Killed a gargoyle
 10998 | D:10     | Reached XP level 11. HP: 66/66 MP: 18/18
 11215 | D:10     | Noticed a necromancer
 11218 | D:10     | Killed a necromancer
 11520 | D:10     | Found a basalt altar of Yredelemnul.
 11570 | D:10     | Reached ** piety under Vehumet
 11587 | D:10     | Offered knowledge of Searing Ray by Vehumet.
 11784 | Orc:1    | Entered Level 1 of the Orcish Mines
 11785 | Orc:1    | Found a burning altar of Makhleb.
 11881 | Orc:1    | Noticed an orc warlord
 11918 | Orc:1    | Killed an orc warlord
 11919 | Orc:1    | Reached skill level 5 in Shields
 12530 | Orc:2    | Entered Level 2 of the Orcish Mines
 12535 | Orc:2    | Offered knowledge of Frozen Ramparts by Vehumet.
 12618 | Orc:2    | Noticed an orc sorcerer
 12623 | Orc:2    | Killed an orc sorcerer
 12992 | Orc:2    | Reached *** piety under Vehumet
 12994 | Orc:2    | Noticed an orc sorcerer
 12997 | Orc:2    | Noticed an orc high priest
 13001 | Orc:2    | Killed an orc sorcerer
 13001 | Orc:2    | Noticed an orc sorcerer
 13067 | Orc:2    | Paralysed by an orc sorcerer for 7 turns
 13079 | Orc:1    | Killed an orc sorcerer
 13080 | Orc:1    | Noticed a sun demon
 13248 | Orc:1    | Found Baruneis's Book Shoppe.
 13257 | Orc:1    | Bought a book of Iron for 468 gold pieces
 13264 | Orc:1    | Learned a level 6 spell: Iron Shot
 13290 | Orc:1    | Noticed an orc warlord
 13428 | Orc:2    | Noticed an orc sorcerer
 13429 | Orc:2    | Noticed a two-headed ogre
 13438 | Orc:2    | Killed an orc sorcerer
 13442 | Orc:2    | Killed a two-headed ogre
 13443 | Orc:2    | Reached XP level 12. HP: 48/76 MP: 18/21
 13511 | Orc:2    | Noticed an orc high priest
 13515 | Orc:2    | Killed an orc high priest
 13558 | Orc:2    | Offered knowledge of Iskenderun's Mystic Blast by Vehumet.
 13919 | Orc:1    | Noticed a sun demon
 13920 | Orc:1    | Gained mutation: You tend to lose your temper in combat. [a
                  | neqoxec]
 13952 | Orc:1    | Killed an orc high priest
 14352 | Orc:2    | Reached skill level 10 in Conjurations
 14699 | Orc:2    | Reached **** piety under Vehumet
 14749 | Orc:2    | Noticed an orc warlord
 14803 | Orc:2    | Killed an orc warlord
 15127 | Lair:1   | Entered Level 1 of the Lair of Beasts
 15243 | Lair:1   | Offered knowledge of Inner Flame by Vehumet.
 15574 | Lair:1   | Reached skill level 12 in Earth Magic
 16452 | Lair:2   | Found a runed translucent gate.
 16453 | Lair:2   | Found a runed translucent gate.
 16455 | Lair:2   | Found a runed translucent gate.
 16458 | Lair:2   | Noticed a minotaur
 16461 | Lair:2   | Noticed ma3's ghost (journeyman GnTm)
 16574 | Lair:2   | Noticed a seven-headed hydra
 16589 | Lair:2   | Killed a seven-headed hydra
 17158 | Lair:2   | Identified a scroll of acquirement
 17159 | Lair:2   | Acquired 798 gold pieces
 17410 | D:3      | Bought a book of the Moon for 560 gold pieces
 17410 | D:3      | Bought an Everburning Encyclopedia for 364 gold pieces
 17997 | Lair:2   | Reached skill level 13 in Earth Magic
 18626 | Lair:3   | Reached XP level 13. HP: 73/80 MP: 16/25
 18898 | Lair:3   | Reached ***** piety under Vehumet
 18917 | Lair:3   | Offered knowledge of Irradiate by Vehumet.
 18932 | Lair:3   | Reached skill level 14 in Earth Magic
 18980 | Lair:3   | Learned a level 5 spell: Irradiate
 19042 | Lair:3   | Reached skill level 1 in Transmutations
 19778 | Lair:3   | Found a staircase to the Shoals.
 20488 | Lair:4   | Reached skill level 5 in Transmutations
 21253 | Lair:4   | Found a staircase to the Snake Pit.
 21921 | Lair:4   | Noticed an ice dragon
 21930 | Lair:4   | Killed an ice dragon
 21938 | Lair:5   | Found a gate leading to a gauntlet.
 21991 | Lair:5   | Identified the +11 scale mail "Modoviv" {rCorr Slay+6
                  | Stlth-}
 22569 | Lair:5   | Found a viscous altar of Jiyva.
 22569 | Lair:5   | Found a staircase to the Slime Pits.
 22778 | Lair:5   | Gained mutation: Your large and strong wings let you fly.
                  | [Gargoyle growth]
 22778 | Lair:5   | Reached XP level 14. HP: 86/86 MP: 15/27
 23278 | Lair:6   | Entered Level 6 of the Lair of Beasts
 24164 | Lair:6   | Reached skill level 15 in Earth Magic
 25580 | Lair:6   | Offered knowledge of Lee's Rapid Deconstruction by Vehumet.
 25596 | Lair:6   | Learned a level 5 spell: Lee's Rapid Deconstruction
 26411 | Orc:2    | Found a staircase to the Elven Halls.
 26928 | Orc:2    | Found Vin Zah's Antique Armour Emporium.
 26929 | Orc:2    | Found Susall's Antique Weapon Shoppe.
 26931 | Orc:2    | Found Litydisch's General Store.
 26931 | Orc:2    | Found Abuqazxaokk's Jewellery Emporium.
 27895 | D:12     | Noticed a green very ugly thing
 27895 | D:12     | Found a transporter.
 27895 | D:12     | Noticed Yorgos's ghost (journeyman DsBe)
 27895 | D:12     | Noticed a cacodemon
 27900 | D:12     | Found a one-way gate to the infinite horrors of the Abyss.
 28338 | D:12     | Found a transporter.
 28343 | D:12     | Noticed a quicksilver ooze
 28421 | D:12     | Reached skill level 16 in Earth Magic
 28578 | D:12     | Noticed a broodmother
 28675 | D:12     | Noticed Urug
 28760 | D:12     | Killed Urug
 28761 | D:12     | Reached skill level 10 in Armour
 28761 | D:12     | Reached XP level 15. HP: 70/90 MP: 5/28
 30305 | D:13     | Offered knowledge of Eringya's Noxious Bog by Vehumet.
 30320 | D:13     | Learned a level 6 spell: Eringya's Noxious Bog
 30423 | D:13     | Reached skill level 1 in Poison Magic
 31220 | D:13     | Found a gate to the Vaults.
 31496 | D:14     | Found a stormy altar of Qazlal.
 32808 | D:15     | Entered Level 15 of the Dungeon
 33376 | D:15     | Identified Roxanne's Grimoire of Earth
 33376 | D:15     | Noticed Roxanne
 33380 | D:15     | Killed Roxanne
 33912 | D:15     | Reached skill level 5 in Poison Magic
 34134 | D:15     | Found a staircase to the Depths.
 34477 | Shoals:1 | Entered Level 1 of the Shoals
 34577 | Shoals:1 | Noticed a kraken
 34589 | Shoals:1 | Slain by a kraken

Illustrated notes

Levels and vault maps discovered:
D:1:      minmay_arrival_semitransparent, layout_rooms, serial_shops,
          nicolae_lakefront_shop, minmay_3d_cube
D:2:      layout_basic, hellmonk_ecumenical_altar_arch_garden, serial_shops,
          shop, nicolae_shop_hallway_plus, shop, basic_altar, uniq_jessica
D:3:      layout_basic, serial_shops, nicolae_shop_stone, ebering_ghost_sewer_f,
          uniq_grinder, uniq_ijyb, uniq_robin
D:4:      layout_cave_pools
D:5:      layout_rooms, chequers_temple_overflow_statue_of_worship,
          temple_doors_ab, lemuel_flamethrower_1, uniq_crazy_yiuf_cottage,
          uniq_menkaure
D:6:      layout_gridville, mainiacjoe_overflow_cross_hatched,
          chequers_serial_rivers_micro_e, minmay_misc_feat_hallway
D:7:      layout_rooms, kennysheep_generic_room_14
D:8:      layout_basic, vehumet_statue, erik_lair_orcish_takeover
D:9:      layout_loops_ring, nzn_wu_jian_contemplation, orc_0_dummy,
          kennysheep_boxes
D:10:     layout_big_octagon, lemuel_mausoleum_altar_yredelemnul,
          eino_house_with_fridge
D:11:     layout_rooms
D:12:     layout_roguey, portal_ice_cave_entry_animals_and_master,
          gammafunk_ghost_abyssal_escape, uniq_urug
D:13:     layout_grid_maze, grunt_vaults_entry_fortified
D:14:     layout_basic, nicolae_qazlal_style_of_elements
D:15:     grunt_enter_depths_magical_seal, layout_basic, st_stairs_13,
          uniq_roxanne
Temple:   eino_temple_lava
Lair:1:   layout_small_grid
Lair:2:   lemuel_slime, layout_layer_cave, maelrawn_ghost_gauntlet_escape,
          minmay_lindwurm_lava
Lair:3:   layout_concentric_octagons, shoals_dummy_entry,
          chequers_serial_rivers_micro_a, serial_bayou_shore_b,
          grunt_megastairs_3
Lair:4:   layout_gridlike, minmay_snake_entry_guardpost_small,
          bobbens_ice_dragon_lair
Lair:5:   cheibrodos_lair_river_kwai, layout_small_grid,
          dpeg_slime_entry_enclosed_altar, gauntlet_entry_generic
Lair:6:   gammafunk_lair_ancient_temple, layout_loops_ring, kennysheep_rathole
Shoals:1: layout_shoals, regret_index_shoals_crete
Orc:1:    orc_temple, layout_diamond_mine, serial_shops, shop, basic_altar,
          mines3_lemuel
Orc:2:    st_orc_congregation, layout_caves

Skill      XL: |  1  2  3  4  5  6  7  8  9 10 11 12 13 14 15 |
---------------+----------------------------------------------+-----
Earth Magic    | 4 5 6 9 11 13 14 16 | 16.5
Fighting       | 1 3 4 6 9 |  9.0
Armour         | 1 2 4 5 6 7 10 | 10.6
Conjurations   | 2 5 7 10 11 12 14 | 14.6
Spellcasting   | 3 5 6 8 9 |  9.0
Dodging        | 2 5 |  5.9
Shields        | 2 6 |  6.1
Transmutations | 6 |  6.4
Poison Magic   | 5 |  5.6
Stealth        | |  2.1

Action                   |  1- 3 |  4- 6 |  7- 9 | 10-12 | 13-15 || total
-------------------------+-------+-------+-------+-------+-------++-------
Melee: Club              |    51 |    81 |       |       |       ||   132
       Unarmed           |     4 |       |       |       |       ||     4
       Punch             |     1 |     1 |     6 |     2 |       ||    10
       Mace              |       |    10 |   403 |   372 |   219 ||  1004
 Cast: Sandblast         |    14 |    43 |    74 |   226 |    64 ||   421
       Stone Arrow       |       |       |    20 |   164 |   197 ||   381
       Iron Shot         |       |       |       |    13 |   224 ||   237
       Passwall          |       |       |       |     3 |       ||     3
       Irradiate         |       |       |       |       |     2 ||     2
       Lee's Rapid Decon |       |       |       |       |    44 ||    44
Evoke: Wand              |       |       |     1 |       |     2 ||     3
       Tin of tremorston |       |       |       |       |     1 ||     1
  Use: Potion            |       |     1 |     1 |     9 |     3 ||    14
       Scroll            |       |       |       |    16 |     5 ||    21
 Stab: Sleeping          |     1 |       |     3 |     1 |       ||     5
Armor: Robe              |    24 |    33 |       |       |       ||    57
       Leather armour    |       |     2 |   325 |   271 |    91 ||   689
       Skin              |       |       |     7 |       |       ||     7
       Scale mail        |       |       |       |       |   231 ||   231
Dodge: Dodged            |    36 |   106 |   391 |   413 |   237 ||  1183
Block: Other             |       |       |    12 |    40 |       ||    52
       Buckler           |       |       |       |   313 |   313 ||   626
       Reflection        |       |       |       |     7 |    13 ||    20

Table legend: (Time is in decaauts)
 A = Elapsed time spent in this place.
 B = Non-inter-level travel time spent in this place.
 C = Inter-level travel time spent in this place.
 D = Time resting spent in this place.
 E = Time spent auto-exploring this place.
 F = Levels seen in this place.
 G = Mean time per level.
                   A        B        C        D        E       F      G
               +--------+--------+--------+--------+--------+-----+--------+
         Total |  35152 |  33508 |   1644 |  10986 |  17142 |  25 | 1406.1 |
       Dungeon |  20022 |  19036 |    986 |   5285 |  10626 |  15 | 1334.8 |
        Temple |     56 |     47 |      9 |      0 |     40 |   1 |   56.0 |
          Lair |  10960 |  10435 |    525 |   3701 |   5366 |   6 | 1826.7 |
        Shoals |    111 |    111 |      0 |      0 |     96 |   1 |  111.0 |
  Orcish Mines |   4001 |   3879 |    122 |   2000 |   1013 |   2 | 2000.5 |
               +--------+--------+--------+--------+--------+-----+--------+

Top non-repeatable levels by time:
   Orc:2: 2194 daAuts
    D:13: 2100 daAuts
  Lair:5: 2091 daAuts
  Lair:6: 2049 daAuts
  Lair:2: 1975 daAuts
     D:3: 1906 daAuts
  Lair:3: 1886 daAuts
   Orc:1: 1806 daAuts
     D:9: 1589 daAuts
     D:6: 1561 daAuts
    D:12: 1527 daAuts
  Lair:1: 1487 daAuts
    D:15: 1477 daAuts
  Lair:4: 1470 daAuts
    D:14: 1387 daAuts
